 Dungeon Crawl Stone Soup version 0.27-b1-42-g19c61b19a5 (webtiles) character file.

Game seed: 16519034054624178627

29 Sin92 the Skirmisher (level 3, -1/9 (29) HPs)
             Began as a Demonspawn Fighter on July 29, 2021.
             Slain by a goblin (4 damage)
             ... led by Robin
             ... on level 1 of the Dungeon.
             The game lasted 00:04:14 (1425 turns).

Sin92 the Skirmisher (Demonspawn Fighter)           Turns: 1425, Time: 00:04:14

HP:   -1/9 (29)     AC: 13    Str: 16    XL:     3   Next: 1%
MP:   3/3           EV:  2    Int:  9    God:
Gold: 9             SH:  9    Dex: 13    Spells: 2/2 levels left

rFire    . . .     SeeInvis .   e - +2 eveningstar (drain)
rCold    . . .     Faith    .   c - +1 kite shield
rNeg     . . .     Spirit   .   f - +0 plate armour
rPois    .         Reflect  .   (no helmet)
rElec    .         Harm     .   (no cloak)
rCorr    .         Rampage  .   (no gloves)
Will     .....                  (no boots)
Stlth    ..........             (no amulet)
HPRegen  0.03/turn              (no ring)
MPRegen  0.08/turn              (no ring)

@: extremely drained
A: slimy green scales 1
a: no special abilities


You were on level 1 of the Dungeon.
You visited 1 branch of the dungeon, and saw 2 of its levels.

You collected 9 gold pieces.

Inventory:

Hand Weapons
 a - a +0 flail
 e - a +2 eveningstar of draining (weapon)
Armour
 b - a +0 scale mail
 c - a +1 kite shield (worn)
 f - a +0 plate armour (worn)
Scrolls
 h - a scroll of identify {unknown}
 i - a scroll of fear {unknown}
Potions
 d - a potion of might
 g - a potion of brilliance {unknown}
 j - a potion of flight {unknown}


   Skills:
 + Level 3.1 Fighting
 * Level 2.3 Maces & Flails
 + Level 2.9 Armour
 + Level 0.7 Dodging
 + Level 2.9 Shields


You had 2 spell levels left.
You didn't know any spells.
Your spell library contained the following spells:

 Spells                   Type           Power      Damage    Failure   Level
 Animate Skeleton         Necr           0%         N/A       100%        1
 Apportation              Tloc           0%         N/A       100%        1
 Corona                   Hex            0%         N/A       100%        1
 Magic Dart               Conj           0%         1d3       100%        1
 Summon Small Mammal      Summ           0%         N/A       100%        1
 Call Imp                 Summ           0%         N/A       100%        2
 Mephitic Cloud           Conj/Pois/Air  0%         N/A       100%        3


Dungeon Overview and Level Annotations

Branches:
Dungeon (2/15)

Altars:

Annotations:
D:2 Robin


Innate Abilities, Weirdness & Mutations

You are partially covered in slimy green scales. (AC +2)


Message History

A ball python comes into view.
The ball python hisses angrily.
The goblin hits you but does no damage. x2
The hobgoblin hits you but does no damage. x2
The goblin hits you but does no damage. You block the goblin's attack.
The hobgoblin completely misses you. The goblin hits you but does no damage.
There is a stone staircase leading up here.
The hobgoblin hits you but does no damage.
The goblin hits you but does no damage. You block the goblin's attack.
The hobgoblin hits you. The goblin hits you with a +0 club.
You climb upwards.
There is a stone staircase leading down here.
Unknown command.
You barely miss the goblin.
The hobgoblin hits you but does no damage.
The hobgoblin hits you. You block the goblin's attack. x2
The hobgoblin hits you but does no damage.
The goblin hits you but does no damage.
The hobgoblin hits you but does no damage. x2
You block the goblin's attack. The goblin hits you but does no damage.
You are too injured to fight recklessly!
You are too injured to fight recklessly!
Unknown command.
You are too injured to fight recklessly!
You closely miss the goblin. You block the hobgoblin's attack.
The goblin hits you but does no damage. You block the hobgoblin's attack.
The hobgoblin hits you but does no damage.
You block the goblin's attack. The goblin hits you but does no damage.
The hobgoblin hits you.
* * * LOW HITPOINT WARNING * * *
The goblin hits you but does no damage.
The hobgoblin hits you but does no damage.
Unknown command.
You block the goblin's attack. x2
The goblin hits you but does no damage.
You closely miss the goblin.
The goblin hits you but does no damage. x2
You closely miss the goblin. The goblin hits you but does no damage.
You closely miss the goblin. The goblin hits you but does no damage.
The goblin hits you with a +0 club.
You die...

...........>)...≈≈≈PP≈≈♣♣♣ ♣♣≈≈≈.
.#######..()...#≈≈PP≈≈≈♣♣♣ ♣P≈≈.
.# #........≈≈≈PP≈≈♣≈##♣♣≈≈≈. .#
#[........♣≈≈P≈♣♣.##.≈≈≈≈. .#
#..........≈P♣###.##.#≈≈P.
.#######.......#.#.♣.###.##.#P≈≈.
..............g.gg...........♣P≈.
####...........#g#.#.#######≈≈≈≈.
#........###.#@#.#........≈≈≈≈.
#........# #.gg#.#########PP≈≈.
#....###.# #...+....######≈≈≈≈.
##+#.#§#.###...#.##.......≈≈≈≈.
##...###.........##..#####.♣≈≈.
#...........#.#####.........≈≈.
#...........#........#####...♣.
#...........#######............
#...........#####.#............


You could see 2 hobgoblins and 3 goblins.

Vanquished Creatures
  A dart slug (D:1)
  4 endoplasms (D:1)
  A giant cockroach (D:1)
  4 goblins (D:1)
  A hobgoblin (D:1)
  4 quokkas (D:1)
  A ball python (D:1)
  4 bats (D:1)
  A frilled lizard (D:1)
  A kobold (D:1)
  2 rats (D:1)
24 creatures vanquished.

Notes
Turn   | Place    | Note
-------+----------+-------------------------------------------
     0 | D:1      | Sin92 the Demonspawn Fighter began the quest for the Orb.
     0 | D:1      | Reached XP level 1. HP: 18/18 MP: 1/1
   290 | D:1      | Identified a scroll of acquirement
   290 | D:1      | Acquired a +2 eveningstar of draining
   299 | D:1      | Gained mutation: You are partially covered in slimy green
                  | scales. (AC +2) [demonic ancestry]
   299 | D:1      | Reached XP level 2. HP: 20/24 MP: 2/2
  1387 | D:2      | Noticed Robin
  1408 | D:1      | Reached XP level 3. HP: 9/9 MP: 3/3
  1425 | D:1      | Slain by a goblin

Illustrated notes

Levels and vault maps discovered:
D:1:      wander_arrival_lonely_grave, layout_basic, serial_bayou,
          serial_bayou_ford_a, serial_bayou_crossing, serial_bayou_lake_a,
          serial_bayou_lagoon_b, roderic_serpentine_path, feat_on_display
D:2:      layout_loops_cross, uniq_natasha, uniq_robin

Skill      XL: |  1 |
---------------+----+-----
Maces & Flails | 2 |  2.3
Fighting       | |  3.1
Armour         | |  2.9
Dodging        | |  0.7
Shields        | |  2.9

Action                   || total
-------------------------++-------
Melee: Flail             ||    21
       Eveningstar       ||    68
  Use: Scroll            ||     3
Armor: Scale mail        ||    55
       Plate armour      ||    65
Dodge: Dodged            ||    28
Block: Kite shield       ||    68
